 Dungeon Crawl Stone Soup version 0.25-a0-167-g836c352ace (webtiles) character file.

Game seed: 6417660779463993134, levelgen mode: deterministic

76 Leeroy the Conjurer (level 4, -1/33 HPs)
             Began as a Draconian Conjurer on Nov 25, 2019.
             Was an Initiate of Okawaru.
             Slain by a worker ant (5 damage)
             ... on level 3 of the Dungeon.
             The game lasted 00:04:33 (2928 turns).

Leeroy the Conjurer (Draconian Conjurer)            Turns: 2928, Time: 00:04:34

Health: -1/33      AC:  5    Str: 10    XL:     4   Next: 12%
Magic:  3/7        EV: 12    Int: 16    God:    Okawaru [......]
Gold:   134        SH:  0    Dex: 12    Spells: 4/7 levels left

rFire    . . .     SeeInvis +   i - +0 dagger (curse)
rCold    . . .     Gourm    .   (no shield)
rNeg     . . .     Faith    .   (armour unavailable)
rPois    .         Spirit   .   (helmet restricted)
rElec    .         Reflect  .   (no cloak)
rCorr    .         Harm     .   (no gloves)
MR       .....                  (no boots)
Stlth    ++........             (no amulet)
HPRegen  0.11/turn              k - ring of see invisible
MPRegen  0.10/turn              (no ring)

@: no status effects
A: unfitting armour, cold-blooded, AC +5
a: Renounce Religion


You were on level 3 of the Dungeon.
You worshipped Okawaru.
Okawaru was noncommittal.
You were hungry.

You visited 1 branch of the dungeon, and saw 4 of its levels.

You collected 134 gold pieces.

Inventory:

Hand Weapons
 c - a +0 whip
 i - a cursed +0 dagger (weapon)
 q - a +0 quarterstaff
Missiles
 s - 11 poisoned darts (quivered)
Jewellery
 k - a ring of see invisible (left hand)
 o - an uncursed ring of protection from fire {unknown}
 r - an uncursed ring of resist corrosion {unknown}
Scrolls
 d - 4 scrolls of remove curse {unknown}
 e - a scroll of blinking {unknown}
 f - 3 scrolls of random uselessness
 g - 3 scrolls of enchant weapon
 h - a scroll of enchant armour {unknown}
 j - a scroll of teleportation {unknown}
 l - a scroll of identify
 m - a scroll of amnesia {unknown}
Potions
 a - a potion of lignification {unknown}
 n - a potion of might {unknown}
 p - 2 potions of curing {unknown}
 t - a potion of invisibility {unknown}
 u - a potion of degeneration {unknown}
Comestibles
 b - 5 rations


   Skills:
 - Level 1.7 Dodging
 - Level 1.7 Stealth
 - Level 2.0 Spellcasting
 + Level 5.7 Conjurations


You had 4 spell levels left.
You knew the following spells:

 Your Spells              Type           Power        Failure   Level  Hunger
a - Magic Dart            Conj           ###.         1%          1    #......
b - Searing Ray           Conj           ###...       3%          2    ###....

Your spell library contained the following spells:

 Spells                   Type           Power        Failure   Level  Hunger
 Dazzling Spray           Conj/Hex       ##....       19%         3    ###....
 Iskenderun's Mystic Bla  Conj           ###.....     21%         4    #####..
 Force Lance              Conj/Tloc      ##......     54%         4    #####..
 Fulminant Prism          Conj/Hex       ##........   54%         4    #####..


Dungeon Overview and Level Annotations

Branches:
Dungeon (4/15)
 Temple: D:4-7

Altars:
Okawaru

Shops:
D:4 }

Annotations:
D:4 Edmund


Innate Abilities, Weirdness & Mutations

Your plain brown scales are hard. (AC +5)
You cannot fit into any form of body armour.
You are cold-blooded and may be slowed by cold attacks.


Message History

You feel sick. The worker ant barely misses you.
The worker ant closely misses you.
You closely miss the worker ant.
Your tail-slap misses the worker ant.
The worker ant is lightly wounded.
You feel sick.
The worker ant bites you but does no damage.
The worker ant barely misses you.
You feel sick.
You feel sick. The worker ant closely misses you.
You feel sick.
You feel sick. The worker ant misses you.
You feel sick. The worker ant misses you.
You feel sick.
You feel sick.
The worker ant bites you but does no damage.
You feel sick.
You are no longer poisoned.
The worker ant bites you.
You die...

##.....###### #......#
............# #......##
.)...#......###.......###########
...........................(.....
.....#...........##....########..
.....#.......####....#.###.......
.................................
######.........#[a##.#....#.♣.♣.#
#### #######.#.#@.##.............
...# #......####....♣.♣.♣.♣ ...#
#...##.#######...._... ...#
#...##.##......♣.♣.♣.♣
...#########...##.##.............
#..#..............##......#.♣.♣.#
..............###................
.....#........# #.##....#########
.....#........###......)...#...(.


You could see a worker ant.

Vanquished Creatures
  2 adders
  An ooze (D:2)
  A worm (D:2)
  A dart slug (D:2)
  2 leopard geckos
  An orc (D:4)
  2 ball pythons
  5 bats
  2 giant cockroaches
  3 goblins (D:1)
  7 hobgoblins
  4 jackals (D:1)
  2 quokkas
  3 frilled lizards
  4 kobolds
  2 rats
42 creatures vanquished.

Notes
Turn   | Place    | Note
-------+----------+-------------------------------------------
     0 | D:1      | Leeroy the Draconian Conjurer began the quest for the Orb.
     0 | D:1      | Reached XP level 1. HP: 14/14 MP: 3/3
   824 | D:1      | Reached XP level 2. HP: 17/20 MP: 5/5
  1105 | D:1      | Learned a level 2 spell: Searing Ray
  2038 | D:2      | Reached skill level 5 in Conjurations
  2038 | D:2      | Reached XP level 3. HP: 23/26 MP: 6/6
  2453 | D:3      | Found an iron altar of Okawaru.
  2471 | D:3      | Became a worshipper of Warmaster Okawaru
  2781 | D:4      | Found Podeu's Gadget Shop.
  2809 | D:4      | Noticed Edmund
  2895 | D:4      | Reached XP level 4. HP: 24/33 MP: 3/7
  2928 | D:3      | Slain by a worker ant

Levels and vault maps discovered:
D:1:      saegor_arrival_miasma, layout_basic
D:2:      layout_loops_cross
D:3:      layout_basic, okawaru_trees_1
D:4:      cheibrodos_quashed, layout_gridville, serial_shops, shop, uniq_pikel,
          uniq_edmund, uniq_grinder

Skill      XL: |  1  2 |
---------------+-------+-----
Conjurations   | 5 |  5.7
Dodging        | |  1.7
Stealth        | |  1.7
Spellcasting   | |  2.0

Action                   |  1- 3 |  4- 6 || total
-------------------------+-------+-------++-------
Melee: Whip              |    69 |       ||    69
       Unarmed           |    12 |       ||    12
       Tailslap          |    10 |       ||    10
       Dagger            |   120 |     2 ||   122
 Cast: Magic Dart        |     8 |       ||     8
       Searing Ray       |     3 |     1 ||     4
  Use: Scroll            |     3 |       ||     3
 Stab: Sleeping          |     6 |       ||     6
  Eat: Chunk             |     6 |       ||     6
Armor: Skin              |    53 |     2 ||    55
Dodge: Dodged            |   163 |     7 ||   170

Table legend:
 A = Non-vault XP
 B = Vault XP
 C = Vault XP percentage of total XP
 D = Non-vault monster count
 E = Vault monster count
 F = Vault count percentage of total count
                 A         B        C        D         E       F
            +---------+---------+-------+---------+---------+-------
      Total |     109 |       0 |   0.0 |      42 |       0 |   0.0
            +---------+---------+-------+---------+---------+-------
        D:1 |      26 |       0 |   0.0 |      14 |       0 |   0.0
        D:2 |      49 |       0 |   0.0 |      16 |       0 |   0.0
        D:3 |      17 |       0 |   0.0 |      10 |       0 |   0.0
        D:4 |      17 |       0 |   0.0 |       2 |       0 |   0.0
            +---------+---------+-------+---------+---------+-------
